AoeStats
← Mr_Anderson_90

Arabia

504558171Analyzed
4v4 RM · 27d ago on Sep 5, 2026· 35m 51s· 8 players
Game mode
Random Map
Map size
Large (8 player)
Population
200
Speed
Normal
Resources
Standard
Victory
Conquest
Starting age
Dark Age
Ending age
Imperial Age
RankedLock teamsTeams togetherTeam positionsShared explorationLock speedFull tech treeHidden civsTurbo modeCheats
Victory
Defeat
🇩🇪 Bohemians · Germany
873
+14
🇵🇱 Cumans · Poland
822
+16
🇺🇸 Inca · United States
816
+16
🇩🇪 Malians · Germany
813
+16
🇵🇪 Khmer · Peru
849
-18
🇵🇪 Chinese · Peru
838
-16
🇪🇸 Tatars · Spain
790
-14
🇦🇹 Japanese · Austria
788
-14
nicolasvillassanta15
2:19 Loom
13:02 Feudal Age
15:20 Champi Runner
20:51 Castle Age
21:12 Champi Warrior
21:55 Double-Bit Axe
26:15 Horse Collar
Walls vs Zombies 2009
2:38 Loom
10:21 Feudal Age
10:22 Man-at-Arms
10:50 Double-Bit Axe
14:20 Fletching
15:22 Arson
17:02 Wheelbarrow
20:56 Castle Age
21:03 Horse Collar
21:18 Town Watch
21:00 Long Swordsman
21:37 Bodkin Arrow
21:04 Crossbowman
21:55 Bow Saw
23:33 Scale Mail Armor
24:43 Chain Mail Armor
24:52 Ballistics
24:43 Padded Archer Armor
25:23 Hand Cart
26:20 Forging
26:12 Squires
28:09 Iron Casting
29:04 Leather Archer Armor
32:29 Imperial Age
30:24 Heavy Plow
30:15 Gold Mining
30:15 Stone Mining
30:38 Masonry
31:42 Gold Shaft Mining
31:28 Pikeman
33:01 Two-Handed Swordsman
34:11 Plate Mail Armor
34:24 Ring Archer Armor
33:46 Treadmill Crane
35:08 Chemistry
33:45 Capped Ram
33:49 Capped Ram
A silly fella
0:30 Loom
12:29 Feudal Age
13:40 Double-Bit Axe
13:38 Horse Collar
24:22 Castle Age
32:53 Fortified Wall
32:39 Murder Holes
33:04 Guard Tower
34:44 Wheelbarrow
Binky
8:20 Loom
11:30 Feudal Age
12:18 Double-Bit Axe
12:15 Horse Collar
14:31 Wheelbarrow
26:55 Gold Mining
26:55 Stone Mining
27:02 Stone Mining
Mr_Anderson_90
9:21 Loom
11:06 Feudal Age
20:11 Wheelbarrow
20:38 Double-Bit Axe
25:34 Town Watch
30:11 Castle Age
28:19 Horse Collar
PlyerX
10:33 Feudal Age
11:52 Wheelbarrow
11:58 Horse Collar
12:33 Double-Bit Axe
21:06 Scale Barding Armor
20:27 Man-at-Arms
23:59 Castle Age
26:34 Hand Cart
26:56 Husbandry
27:49 Loom
Aryey
10:06 Feudal Age
11:43 Wheelbarrow
10:53 Horse Collar
11:58 Double-Bit Axe
12:16 Gold Mining
18:26 Castle Age
spreweel
2:18 Loom
11:44 Feudal Age
14:10 Wheelbarrow
13:22 Double-Bit Axe
13:20 Horse Collar
14:45 Gold Mining
18:23 Stone Mining
22:15 Castle Age
22:49 Padded Archer Armor
22:49 Scale Mail Armor
22:58 Scale Barding Armor
23:41 Hand Cart
23:44 Bow Saw
25:23 Gold Shaft Mining
25:06 Forging
25:46 Heavy Plow
26:56 Caravan
28:12 Elite Skirmisher
29:53 Leather Archer Armor
29:29 Fletching
32:53 Town Watch
Connection lost

Rejoining the realm…

Still unreachable

The connection could not be restored.

Session expired

The server has moved on; the page needs a fresh start.